 Dungeon Crawl Stone Soup version 0.29.1-13-g9f3cf754e1 (webtiles) character file.

Game seed: 14005453665637238629

3509 growler the Basher (level 9, -4/68 HPs)
             Began as a Demonspawn Wanderer on Feb 2, 2023.
             Was an Initiate of Gozag.
             Slain by a kobold brigand
             ... wielding a +1 whip of electrocution
              (20 damage)
             ... on level 8 of the Dungeon on Feb 3, 2023.
             The game lasted 00:18:50 (9447 turns).

growler the Basher (Demonspawn Wanderer)            Turns: 9447, Time: 00:18:51

Health: -4/68      AC:  7    Str: 14    XL:     9   Next: 81%
Magic:  9/9        EV: 13    Int: 14    God:    Gozag
Gold:   531        SH:  4    Dex: 15    Spells: 8/8 levels left

rFire   . . .      SeeInvis .   j - +4 whip (elec)
rCold   . . .      Faith    .   (no shield)
rNeg    . . .      Spirit   .   f - +1 leather armour
rPois   .          Reflect  .   (helmet restricted)
rElec   .          Harm     .   (no cloak)
rCorr   .          Rampage  .   (no gloves)
Will    +....                   (no boots)
Stlth   +.........              (no amulet)
HPRegen 0.21/turn               B - ring of willpower
MPRegen 0.11/turn               (no ring)

@: gold aura
A: antennae 1, yellow scales 2, powered by pain 1, condensation shield
a: Renounce Religion, Potion Petition, Call Merchant, Bribe Branch


You were on level 8 of the Dungeon.
You worshipped Gozag.
Gozag was pleased with you.
You visited 2 branches of the dungeon, and saw 9 of its levels.
You also visited: Ossuary.

You collected 792 gold pieces.
You paid 261 gold pieces to Gozag.

Inventory:

Hand Weapons
 a - a +0 dagger
 j - a +4 whip of electrocution (weapon)
Missiles
 b - 4 throwing nets
Armour
 f - a +1 leather armour (worn)
Jewellery
 B - a ring of willpower (left hand)
Wands
 v - a wand of paralysis (13)
 x - a wand of light (3)
 z - a wand of roots (3)
Scrolls
 c - 9 scrolls of teleportation
 d - 6 scrolls of vulnerability
 e - 2 scrolls of butterflies
 g - a scroll of fear {unknown}
 h - a scroll of poison {unknown}
 i - 3 scrolls of enchant armour
 n - a scroll of magic mapping
 q - a scroll of summoning (quivered) {unknown}
 y - 3 scrolls of identify
Potions
 k - a potion of haste
 l - 2 potions of lignification
 m - 4 potions of flight {unknown}
 o - 4 potions of degeneration {unknown}
 p - 5 potions of cancellation {unknown}
 r - 5 potions of curing {unknown}
 s - 4 potions of heal wounds
 t - 2 potions of might
 u - 2 potions of mutation {unknown}
 w - a potion of magic
 A - a potion of resistance {unknown}


   Skills:
 + Level 5.5 Fighting
 - Level 12.0 Maces & Flails
 + Level 2.9 Armour
 - Level 4.5 Dodging


You had 8 spell levels left.
You didn't know any spells.
Your spell library contained the following spells:

 Spells                   Type           Power      Damage    Failure   Level
 Apportation              Tloc           0%         N/A       34%         1
 Necrotise                Necr           0%         1d4       34%         1
 Summon Small Mammal      Summ           0%         N/A       34%         1
 Static Discharge         Conj/Air       0%         3-3/arc   47%         2
 Sublimation of Blood     Necr           0%         N/A       47%         2
 Wereblood                Tmut           0%         N/A       47%         2
 Conjure Flame            Conj/Fire      0%         6-21      71%         3
 Dazzling Flash           Conj/Hex       0%         N/A       71%         3
 Ignite Poison            Fire/Tmut/Pois 0%         N/A       71%         3
 Dispel Undead            Necr           0%         3d6       98%         4
 Sticky Flame             Conj/Fire      0%         2d3       98%         4
 Agony                    Necr           0%         N/A       100%        5
 Blade Hands              Tmut           0%         N/A       100%        5
 Silence                  Hex/Air        0%         N/A       100%        5
 Yara's Violent Unravell  Hex/Tmut       0%         3d3       100%        5
 Storm Form               Tmut/Air       0%         N/A       100%        7
 Summon Hydra             Summ           0%         N/A       100%        7


Dungeon Overview and Level Annotations

Branches:
Dungeon (8/15)             Temple (1/1) D:5            Lair (0/5) D:8
Ossuary (visited)

Altars:
Ashenzari
Dithmenos
Fedhas
Gozag
Hepliaklqana
Kikubaaqudgha
Nemelex Xobeh
Okawaru
Qazlal
Ru
Trog
Uskayaw
Vehumet
Wu Jian
Yredelemnul


Innate Abilities, Weirdness & Mutations

You have a pair of small antennae on your head.
You are mostly covered in yellow scales. (AC +3)
You sometimes gain a little power by taking damage.
A meltable shield of frost defends you. (SH +4)


Message History

The gnoll bouda is severely wounded.
The gnoll bouda hits you with a +0 club!
You hit the gnoll bouda.
Lightning courses through the gnoll bouda!
You kill the gnoll bouda!
The kobold brigand barely misses you.
Things that are here:
6 gold pieces; a +0 club; a +0 leather armour You hit the kobold brigand but do no damage.
The kobold brigand hits you with a +1 whip of electrocution.
You are electrocuted!
You closely miss the kobold brigand. You hit the kobold brigand.
The kobold brigand is moderately wounded.
The kobold brigand hits you with a +1 whip of electrocution.
You miss the kobold brigand.
The kobold brigand is moderately wounded.
You closely miss the kobold brigand.
The kobold brigand is moderately wounded.
The kobold brigand barely misses you.
You closely miss the kobold brigand.
The kobold brigand is moderately wounded.
You barely miss the kobold brigand.
The kobold brigand is moderately wounded.
The kobold brigand hits you with a +1 whip of electrocution!
* * * LOW HITPOINT WARNING * * *
You hit the kobold brigand.
The kobold brigand is moderately wounded.
You closely miss the kobold brigand.
The kobold brigand is moderately wounded.
You block the kobold brigand's attack.
You barely miss the kobold brigand.
The kobold brigand is moderately wounded.
You hit the kobold brigand but do no damage.
The kobold brigand is moderately wounded.
The kobold brigand hits you with a +1 whip of electrocution.
* * * LOW HITPOINT WARNING * * *
You are electrocuted!!
You die...
Your body crumbles into a pile of gold.

$ #.⌠........# ...
........... ##
#........⌠. ###. #.
........$. ###... #.
#........# #..... #..
..⌠...############ #..
#...###+....#....#
#...#K###..#....'....'
##...#@#....#....###'##
.#......#....#....###..#
.............'......#...
≈≈≈≈≈≈≈≈.....#......#...
.......≈.....#......#...
.#####.≈..>..#......#...
$ #.≈.....#......#...
#.≈.....##..#..#.##
....≈.#....#########.


You could see a kobold brigand.

Vanquished Creatures
  A two-headed ogre (D:7)
  A gargoyle (D:6)
  A shadow (D:6)
  A wraith (Ossuary)
  2 steam dragons (D:8)
  Menkaure (D:4)
  Duvessa (D:7)
  A water moccasin (D:7)
  2 orc warriors
  An ice beast (D:6)
  A black bear (D:7)
  A phantom (D:6)
  A necrophage (D:8)
  5 bullfrogs
  3 scorpions
  Dowan (D:7)
  3 killer bees (D:8)
  A hound (D:6)
  A gnoll bouda (D:8)
  6 orc priests
  3 iguanas
  3 orc wizards
  A mummy (Ossuary)
  6 adders
  3 white imps (D:6)
  A worm (D:2)
  2 dart slugs
  26 orcs
  11 endoplasms
  3 giant cockroaches
  A goblin (D:4)
  3 hobgoblins
  2 jackals (D:4)
  3 quokkas
  8 ball pythons
  3 bats
  2 frilled lizards
  4 gnoll skeletons (Ossuary)
  7 kobolds
  9 kobold skeletons (Ossuary)
  12 orc skeletons (Ossuary)
  9 rats
157 creatures vanquished.

Vanquished Creatures (others)
  An orc (D:7)
1 creature vanquished.

Grand Total: 158 creatures vanquished

Notes
Turn   | Place    | Note
-------+----------+-------------------------------------------
     0 | D:1      | growler the Demonspawn Wanderer began the quest for the
                  | Orb.
     0 | D:1      | growler set off with the following items: a +0 dagger, 4
                  | throwing nets, a scroll of teleportation, a scroll of
                  | vulnerability, a scroll of butterflies, a +0 leather
                  | armour.
     0 | D:1      | Reached XP level 1. HP: 19/19 MP: 1/1
   417 | D:1      | Gained mutation: You have a pair of small antennae on your
                  | head. [demonic ancestry]
   417 | D:1      | Reached XP level 2. HP: 24/26 MP: 2/2
   751 | D:1      | Got the Spellbook of the Reformed Blaze
   921 | D:1      | Found a faded altar of an unknown god.
  1105 | D:2      | Reached skill level 1 in Maces & Flails
  1110 | D:2      | Gained mutation: You sometimes gain a little power by
                  | taking damage. [demonic ancestry]
  1110 | D:2      | Reached XP level 3. HP: 26/31 MP: 3/3
  1188 | D:2      | Reached skill level 2 in Maces & Flails
  1229 | D:2      | Gained mutation: You are partially covered in yellow
                  | scales. (AC +2) [demonic ancestry]
  1229 | D:2      | Reached XP level 4. HP: 22/38 MP: 4/4
  1232 | D:2      | Reached skill level 3 in Maces & Flails
  1728 | D:3      | Noticed a scorpion
  1735 | D:3      | Killed a scorpion
  1736 | D:3      | Reached skill level 4 in Maces & Flails
  1736 | D:3      | Gained mutation: You are mostly covered in yellow scales.
                  | (AC +3) [demonic ancestry]
  1736 | D:3      | Reached XP level 5. HP: 29/43 MP: 5/5
  2046 | D:3      | Found a blossoming altar of Fedhas.
  2346 | D:3      | Found a hide-covered altar of Uskayaw.
  2989 | D:4      | Reached skill level 5 in Maces & Flails
  2989 | D:4      | Gained mutation: A meltable shield of frost defends you.
                  | (SH +4) [demonic ancestry]
  2989 | D:4      | Reached XP level 6. HP: 44/49 MP: 6/6
  3061 | D:4      | Noticed Menkaure
  3210 | D:4      | Killed Menkaure
  3590 | D:4      | Found a sand-covered staircase.
  3599 | Ossuary  | Entered an ossuary
  3599 | Ossuary  | Noticed a wraith
  3599 | Ossuary  | Noticed a wraith
  3599 | Ossuary  | Noticed a wraith
  3843 | Ossuary  | Reached skill level 6 in Maces & Flails
  3880 | Ossuary  | Noticed a wraith
  3905 | Ossuary  | Killed a wraith
  3906 | Ossuary  | Reached XP level 7. HP: 29/55 MP: 7/7
  4322 | D:5      | Entered Level 5 of the Dungeon
  4452 | D:5      | Reached skill level 7 in Maces & Flails
  4853 | D:5      | Found a staircase to the Ecumenical Temple.
  4861 | Temple   | Entered the Ecumenical Temple
  4932 | Temple   | Became a worshipper of Gozag Ym Sagoz the Greedy
  5310 | D:5      | Found a stormy altar of Qazlal.
  5310 | D:5      | Noticed a water elemental
  5313 | D:5      | Noticed a fire elemental
  5313 | D:5      | Noticed an air elemental
  5566 | D:6      | Noticed a gargoyle
  6094 | D:6      | Killed a gargoyle
  6095 | D:6      | Reached skill level 8 in Maces & Flails
  6095 | D:6      | Reached XP level 8. HP: 29/61 MP: 8/8
  6441 | D:6      | Identified the +10 great sword "Hitaze" {protect, rF+ rN+}
  6695 | D:6      | Reached skill level 9 in Maces & Flails
  7376 | D:7      | Noticed a two-headed ogre
  7491 | D:7      | Killed a two-headed ogre
  7492 | D:7      | Reached skill level 10 in Maces & Flails
  7492 | D:7      | Reached XP level 9. HP: 41/66 MP: 9/9
  7636 | D:7      | Reached skill level 11 in Maces & Flails
  8071 | D:7      | Noticed Dowan
  8073 | D:7      | Noticed Duvessa
  8427 | D:7      | Killed Duvessa
  8485 | D:7      | Killed Dowan
  8795 | D:8      | Reached skill level 12 in Maces & Flails
  8963 | D:8      | Found a staircase to the Lair.
  8977 | D:8      | Found a hazy altar of Hepliaklqana.
  9033 | D:8      | Reached skill level 5 in Fighting
  9447 | D:8      | Slain by a kobold brigand

Illustrated notes

Levels and vault maps discovered:
D:1:      minmay_arrival_solitary_statue, layout_rooms,
          dreamdust_ecumenical_altar_statues, minmay_misc_feat_tower
D:2:      cheibrodos_pilgrimage, layout_rooms
D:3:      layout_basic, mainiacjoe_overflow_surrounded_room,
          nicolae_overflow_squiral
D:4:      layout_loops_cross, lightli_ossuary_entry_decrepit_ruins,
          kennysheep_small_spiral, uniq_menkaure
D:5:      layout_basic, nicolae_qazlal_style_of_elements,
          minmay_temple_entry_arrows
D:6:      layout_loops_cross, kennysheep_generic_room_4
D:7:      layout_rooms, minmay_misc_feat_secret_circle, uniq_duvessa
D:8:      minmay_skewed_foursquare, layout_gridville,
          mainiacjoe_overflow_brackets, nzn_hepliaklqana_mist_gate,
          dpeg_oklobed_lair, serial_shops, shop, uniq_psyche
Temple:   cyrus_circular_temple

Skill      XL: |  1  2  3  4  5  6  7  8  9 |
---------------+----------------------------+-----
Maces & Flails | 1 2 4 5 6 8 10 12 | 12.0
Fighting       | 5 |  5.5
Armour         | 2 |  2.9
Dodging        | |  4.5

Action                   |  1- 3 |  4- 6 |  7- 9 || total
-------------------------+-------+-------+-------++-------
Melee: Dagger            |    48 |       |       ||    48
       Punch             |     1 |     4 |     3 ||     8
       Whip              |    43 |   197 |   329 ||   569
Invok: Potion Petition   |       |       |     1 ||     1
Evoke: Wand              |       |       |     3 ||     3
  Use: Scroll            |       |     5 |     4 ||     9
       Potion            |       |       |     1 ||     1
 Stab: Sleeping          |       |     3 |       ||     3
Armor: Leather armour    |    16 |    32 |    68 ||   116
Dodge: Dodged            |    52 |    93 |   156 ||   301
Block: Other             |       |    11 |    35 ||    46
